 Dungeon Crawl Stone Soup version 0.18.1-50-g88ac8fd (webtiles) character file.

10156 varam the Grappler (level 11, -6/113 HPs)
             Began as a Troll Monk on Oct 22, 2016.
             Was a High Priest of Okawaru.
             Killed from afar by an orc sorcerer (8 damage)
             ... with a bolt of fire
             ... on level 2 of the Orcish Mines.
             The game lasted 00:28:25 (10630 turns).

varam the Grappler (Troll Monk)                    Turns: 10630, Time: 00:28:26

Health: -6/113     AC: 10    Str: 21    XL:     11   Next: 32%
Magic:  13/13      EV: 15    Int:  6    God:    Okawaru [*****.]
Gold:   866        SH:  0    Dex: 15    Spells: 0 memorised, 10 levels left

rFire  + . .     SeeInvis .       - Unarmed
rCold  . . .     Gourm    +     A - +0 robe {rF+}
rNeg   . . .     Faith    +     (no shield)
rPois  .         Spirit   .     (helmet restricted)
rElec  .         Dismiss  .     m - +0 cloak
rCorr  .         Reflect  .     (gloves unavailable)
SustAt .         Harm     .     (boots unavailable)
MR     .....                    W - amulet of faith
Stlth  ++........               (no ring)
                                B - +4 ring of protection

@: not resistant to hostile enchantments, unstealthy
A: unfitting armour, claws 3, fast metabolism 3, gourmand, regeneration 2,
shaggy fur 1, tough skin 2
a: Heroism, Finesse, Renounce Religion


You were on level 2 of the Orcish Mines.
You worshipped Okawaru.
Okawaru was extremely pleased with you.
You were very full.

You visited 2 branches of the dungeon, and saw 13 of its levels.
You also visited: Bailey.

You collected 970 gold pieces.
You spent 104 gold pieces at shops.

Inventory:

Hand Weapons
 q - a +2 dagger of venom
 Q - a +0 broad axe
Missiles
 v - 3 tomahawks (quivered)
 I - 3 steel tomahawks
 N - 54 tomahawks of returning
Armour
 m - a +0 cloak (worn)
 A - a +0 robe of fire resistance (worn)
Jewellery
 B - a +4 ring of protection (left claw)
 K - a cursed amulet of inaccuracy {unknown}
 W - an amulet of faith (around neck)
Wands
 y - a wand of slowing (26/48)
 J - a wand of flame (33/48)
 S - a wand of iceblast (4/15)
 Z - a wand of iceblast (9/15)
Scrolls
 c - 3 scrolls of teleportation
 d - 7 scrolls of remove curse {@r2}
 e - 2 scrolls of enchant armour {unknown}
 f - a scroll of magic mapping
 k - a scroll of enchant weapon
 o - 2 scrolls of fear {unknown}
 s - a scroll of noise {unknown}
 u - 3 scrolls of fog
 z - 3 scrolls of amnesia
 E - 4 scrolls of recharging {unknown}
 L - a scroll of random uselessness {unknown}
 O - 8 scrolls of identify {@r1}
 P - 6 scrolls of torment {unknown}
 Y - a scroll of summoning {unknown}
Potions
 h - 2 potions of agility {unknown}
 i - 2 potions of lignification {unknown}
 j - 2 potions of flight
 l - a potion of haste {unknown}
 p - a potion of cancellation {unknown}
 t - 5 potions of curing {@q1}
 w - a potion of magic {unknown}
 x - a potion of might {unknown}
 D - 2 potions of invisibility {unknown}
 F - 2 potions of berserk rage {unknown}
 G - a potion of resistance {unknown}
 H - 3 potions of brilliance {unknown}
 X - a potion of mutation {unknown}
Books
 M - a book of the Earth

   Spells                             Type                      Level
   a - Leda's Liquefaction            Hexes/Earth                  4
   b - Bolt of Magma                  Conjuration/Fire/Earth       5
   c - Statue Form                    Transmutation/Earth          6
   d - Iron Shot                      Conjuration/Earth            6
   e - Shatter                        Earth                        9
 R - a book of Envenomations

   Spells                             Type                      Level
   a - Spider Form                    Transmutation/Poison         3
   b - Olgreb's Toxic Radiance        Poison                       4
   c - Alistair's Intoxication        Transmutation/Poison         5
   d - Poisonous Cloud                Conjuration/Poison/Air       6
 T - a book of Spatial Translocations

   Spells                             Type                      Level
   a - Apportation                    Translocation                1
   b - Blink                          Translocation                2
   c - Shroud of Golubria             Charms/Translocation         2
   d - Portal Projectile              Translocation                3
   e - Teleport Other                 Translocation                3
   f - Passage of Golubria            Translocation                4
Comestibles
 b - 10 bread rations
 g - 3 meat rations
 n - 10 slices of pizza
 r - 6 beef jerkies
 V - a fruit


   Skills:
 + Level 8.5 Fighting
 + Level 4.5 Throwing
 + Level 8.5 Dodging
 - Level 1.1 Stealth
 + Level 9.9 Unarmed Combat
 + Level 4.7 Invocations


You had 10 spell levels left.
You didn't know any spells.

Dungeon Overview and Level Annotations

Branches:
Dungeon (11/15)            Temple (0/1) D:4             Orc (2/2) D:9
   Lair: D:8-11         Elf: Orc:2

Altars:
Ashenzari
Dithmenos
Elyvilon
Gozag
Kikubaaqudgha
Okawaru
Ru
Trog
Xom
Beogh

Shops:
D:5 !

Annotations:
D:6 1 runed door


Innate Abilities, Weirdness & Mutations

You are too large for most types of armour.
You have claws for hands.
Your metabolism is lightning-fast.
You like to eat raw meat.
You heal very quickly.
You are covered in fur (AC +1).
You have very tough skin (AC +2).


Message History

You mangle the ogre!!
You kill the ogre!
Okawaru accepts your kill.
Your surroundings suddenly seem different.
The orc wizard casts a spell.
The orc wizard blinks!
The orc priest shouts!
You hear a shout!
The orc closely misses you.
The orc priest casts a cantrip, but nothing happens.
The orc warrior throws a tomahawk.
The tomahawk closely misses you.
You see here a tomahawk.
The orc knight shouts!
The orc warrior shouts!
The orc priest closely misses you. The orc barely misses you.
The orc warrior throws a tomahawk.
The tomahawk hits you!
* * * LOW HITPOINT WARNING * * *
You see here a tomahawk.
The orc wizard hits you but does no damage.
The orc sorcerer gestures at you while chanting.
The bolt of fire hits you! You resist.
You die...

#..........#
##.........##
##....o.....#
###o...o....o.####...
##.....o.o......#.#...
##...(...oo$...........
#.....oo...............
#.....o#..##.<.o.......
#.....O######@o........
#.....o## ##..(........
##......###...o(.......
#..............##.....
##.............# #....
###..........$. ##..
#........o..##
##.........##
##........$


You could see an orc knight, an orc sorcerer, 3 orc warriors, an orc priest, an
orc wizard and 4 orcs.

Vanquished Creatures
  Pikel (D:7)
  Joseph (D:10)
  A troll (D:10)
  Sigmund (D:3)
  A wraith (D:9)
  2 wyverns
  9 yaks
  A human (D:8)
  A hungry ghost (D:11)
  A hippogriff (D:7)
  3 wargs
  A mottled dragon (D:8)
  Duvessa (D:4)
  16 orc warriors
  2 slaves
  2 phantoms
  4 sky beasts
  A black bear (D:10)
  A necrophage (D:8)
  4 centaurs
  7 ogres
  2 big kobolds
  A gnoll sergeant (D:8)
  9 giant frogs
  Dowan (D:4)
  3 scorpions
  A centaur zombie (D:8)
  4 crimson imps
  9 hounds
  2 centaur skeletons (D:10)
  A jelly (D:8)
  Crazy Yiuf (D:4)
  A giant frog zombie (D:6)
  6 orc priests
  4 giant frog skeletons
  Jessica (D:3)
  5 iguanas
  5 orc wizards
  10 worker ants
  4 sheep
  A hound skeleton (D:6)
  5 gnolls (D:8)
  A howler monkey skeleton (D:10)
  11 adders
  3 shadow imps
  3 oozes
  An adder zombie (D:7)
  A worm (D:3)
  A dart slug (D:2)
  A giant gecko (D:1)
  33 orcs
  3 bat zombies (D:9)
  6 giant cockroaches
  13 goblins
  12 hobgoblins
  10 jackals
  8 quokkas
  3 ball pythons
  7 bats
  5 giant newts
  33 kobolds
  5 rats
  2 rat zombies (D:9)
299 creatures vanquished.

Vanquished Creatures (others)
  A slave (D:7)
  2 orc priests (D:7)
  2 orcs (D:7)
5 creatures vanquished.

Grand Total: 304 creatures vanquished

Notes
Turn   | Place    | Note
--------------------------------------------------------------
     0 | D:1      | varam the Troll Monk began the quest for the Orb.
     0 | D:1      | Reached XP level 1. HP: 22/22 MP: 0/0
    28 | D:1      | Reached XP level 2. HP: 26/29 MP: 1/1
   876 | D:2      | Reached skill level 5 in Unarmed Combat
   895 | D:2      | Reached XP level 3. HP: 36/36 MP: 2/2
  1150 | D:2      | Reached XP level 4. HP: 44/44 MP: 3/3
  1777 | D:3      | Noticed Sigmund
  1794 | D:3      | Killed Sigmund
  1794 | D:3      | Reached XP level 5. HP: 29/54 MP: 4/4
  1794 | D:3      | Reached XP level 6. HP: 33/62 MP: 5/5
  1899 | D:3      | Noticed Jessica
  1902 | D:3      | Killed Jessica
  2358 | D:4      | Found an iron altar of Okawaru.
  2372 | D:4      | Became a worshipper of Warmaster Okawaru
  2372 | D:4      | Reached * piety under Okawaru
  2372 | D:4      | Reached ** piety under Okawaru
  2427 | D:4      | Found a staircase to the Ecumenical Temple.
  2480 | D:4      | Noticed Dowan
  2481 | D:4      | Noticed Duvessa
  2493 | D:4      | Killed Duvessa
  2493 | D:4      | Reached XP level 7. HP: 54/71 MP: 6/6
  2500 | D:4      | Killed Dowan
  2667 | D:4      | Noticed Crazy Yiuf
  2674 | D:4      | Killed Crazy Yiuf
  3059 | D:5      | Entered Level 5 of the Dungeon
  3079 | D:5      | Found Xoaghek's Distillery.
  3083 | D:5      | Bought a potion of heal wounds for 65 gold pieces
  3083 | D:5      | Bought a potion of curing for 39 gold pieces
  3216 | D:5      | Reached skill level 5 in Dodging
  3372 | D:5      | Reached skill level 5 in Fighting
  3539 | D:5      | Reached skill level 6 in Unarmed Combat
  3588 | D:5      | Found a shattered altar of Ashenzari.
  3683 | D:5      | Found a sacrificial altar of Ru.
  3732 | D:6      | Reached XP level 8. HP: 80/80 MP: 7/7
  3782 | D:6      | Reached *** piety under Okawaru
  4174 | D:6      | Found a bloodstained altar of Trog.
  4210 | D:6      | Received a gift from Okawaru
  4480 | D:6      | Found a runed door.
  4487 | D:6      | Found a runed door.
  4496 | D:6      | Reached skill level 7 in Unarmed Combat
  4956 | D:7      | Found a flagged portal.
  4963 | Bailey   | Entered a bailey
  5013 | Bailey   | Reached XP level 9. HP: 53/92 MP: 6/8
  5597 | D:7      | Noticed Pikel
  5860 | D:7      | Killed Pikel
  5860 | D:7      | Reached **** piety under Okawaru
  5860 | D:7      | Reached skill level 8 in Unarmed Combat
  6141 | D:7      | Found a shimmering altar of Xom.
  6232 | D:7      | Reached skill level 1 in Invocations
  6262 | D:7      | Reached skill level 1 in Throwing
  6754 | D:8      | Found a shadowy altar of Dithmenos.
  6783 | D:8      | Reached XP level 10. HP: 91/102 MP: 10/10
  7172 | D:9      | Found an opulent altar of Gozag.
  7223 | D:9      | Reached ***** piety under Okawaru
  7236 | D:9      | Received a gift from Okawaru
  7359 | D:9      | Reached skill level 9 in Unarmed Combat
  7429 | D:9      | Received a gift from Okawaru
  7507 | D:9      | Found a staircase to the Orcish Mines.
  7786 | D:9      | Found an ancient bone altar of Kikubaaqudgha.
  8181 | D:8      | Found a white marble altar of Elyvilon.
  8647 | D:8      | Reached XP level 11. HP: 111/111 MP: 13/13
  8906 | D:10     | Entered Level 10 of the Dungeon
  9227 | D:10     | Got a coiled brass ring
  9228 | D:10     | Identified the cursed ring "Pauno" {Fragile +Inv Int+2 Slay-6} (You found it on level 10 of the Dungeon)
  9375 | D:10     | Noticed Joseph
  9390 | D:10     | Killed Joseph
  9748 | D:11     | HP: 5/113 [something (10)]
 10297 | Orc:1    | Entered Level 1 of the Orcish Mines
 10556 | Orc:2    | Entered Level 2 of the Orcish Mines
 10561 | Orc:2    | Received a gift from Okawaru
 10572 | Orc:2    | Noticed an orc knight
 10591 | Orc:2    | Noticed an orc sorcerer
 10604 | Orc:2    | Noticed an ogre mage
 10604 | Orc:2    | Noticed an ogre mage
 10607 | Orc:2    | Found a roughly hewn altar of Beogh.
 10629 | Orc:2    | HP: 2/113 [orc warrior/tomahawk[an orc knight] (9)]
 10630 | Orc:2    | Killed from afar by an orc sorcerer

Skill      XL: |  1  2  3  4  5  6  7  8  9 10 11 |
---------------+----------------------------------+-----
Unarmed Combat | 5 6 7 8 9 |  9.9
Fighting       | 3 4 5 6 7 8 |  8.5
Dodging        | 3 4 5 6 7 8 |  8.5
Invocations    | 1 4 |  4.7
Throwing       | 1 3 4 |  4.5
Stealth        | |  1.1

Action                   |  1- 3 |  4- 6 |  7- 9 | 10-12 || total
-------------------------+-------+-------+-------+-------++-------
Melee: Unarmed           |    96 |    81 |   359 |   420 ||   956
       Punch             |     2 |       |    17 |    24 ||    43
       War axe           |       |     5 |       |       ||     5
Throw: Stone             |       |       |     2 |     1 ||     3
       Tomahawk          |       |       |       |     3 ||     3
Invok: Heroism           |       |       |    12 |    14 ||    26
       Finesse           |       |       |       |     1 ||     1
  Use: Scroll            |       |       |     8 |     4 ||    12
       Potion            |       |       |     3 |     1 ||     4
 Stab: Sleeping          |     2 |     8 |     1 |     1 ||    12
       Distracted        |       |       |       |     1 ||     1
  Eat: Chunk             |    10 |    12 |    41 |    36 ||    99
       Bread ration      |     1 |       |       |     1 ||     2
       Fruit             |       |       |       |     1 ||     1
Armor: Robe              |    39 |    24 |    74 |   131 ||   268
Dodge: Dodged            |    53 |    46 |   230 |   287 ||   616
